 Dungeon Crawl Stone Soup version 0.18.1-48-g4cf74bf (webtiles) character file.

35 Joat the Gusty (level 3, -3/16 HPs)
             Began as a Vine Stalker Air Elementalist on Aug 23, 2016.
             Killed by nerve-wracking pain
             ... invoked by Jessica
              (9 damage)
             ... on level 2 of the Dungeon.
             The game lasted 00:16:00 (1173 turns).

Joat the Gusty (Vine Stalker Air Elementalist)      Turns: 1173, Time: 00:16:01

Health: -3/16      AC:  2    Str: 10    XL:     3   Next: 33%
Magic:  0/7        EV: 12    Int: 16    God:
Gold:   119        SH:  0    Dex: 14    Spells: 2 memorised, 4 levels left

rFire  . . .     SeeInvis .     j - +0 short sword
rCold  . . .     Gourm    .     a - +0 robe
rNeg   . . .     Faith    .     (no shield)
rPois  .         Spirit   +     (no helmet)
rElec  .         Dismiss  .     (no cloak)
rCorr  .         Reflect  .     (no gloves)
SustAt .         Harm     .     (no boots)
MR     .....                    (no amulet)
Stlth  ++........               (no ring)
                                (no ring)

@: not resistant to hostile enchantments, unstealthy
A: fangs 2, regeneration 1, magic shield, antimagic bite, no device heal 3, rot
immunity
a: no special abilities


You were on level 2 of the Dungeon.
You were not hungry.

You visited 1 branch of the dungeon, and saw 2 of its levels.

You collected 119 gold pieces.

Inventory:

Hand Weapons
 j - a +0 short sword (weapon)
Armour
 a - a +0 robe (worn)
Scrolls
 d - 2 scrolls of identify {unknown}
 g - a scroll of remove curse {unknown}
 i - a scroll of immolation {unknown}
 k - a scroll of fear {unknown}
Potions
 e - 3 potions of curing {unknown}
 h - a potion of might
Books
 b - a book of Air

   Spells                             Type                      Level
   a - Shock                          Conjuration/Air              1
   b - Swiftness                      Charms/Air                   2
   c - Repel Missiles                 Charms/Air                   2
   d - Static Discharge               Conjuration/Air              3
   e - Lightning Bolt                 Conjuration/Air              5
Comestibles
 c - a bread ration
 f - 3 chunks of flesh


   Skills:
 - Level 1.5 Dodging
 - Level 2.4 Stealth
 + Level 2.5 Spellcasting
 + Level 2.8 Conjurations
 - Level 3.0 Air Magic


You had 4 spell levels left.
You knew the following spells:

 Your Spells              Type           Power        Failure   Level  Hunger
a - Shock                 Conj/Air       ##..         8%          1    #......
d - Repel Missiles        Chrm/Air       #.....       17%         2    ##.....


Dungeon Overview and Level Annotations

Branches:
Dungeon (2/15)

Altars:
Dithmenos
Okawaru

Annotations:
D:2 Jessica


Innate Abilities, Weirdness & Mutations

You have extremely sharp teeth.
Your natural rate of healing is unusually fast.
When hurt, damage is shared between your health and your magic reserves.
Your bite disrupts and absorbs the magic of your enemies.
Potions and wands cannot restore your health.
You are immune to rotting.


Message History

Jessica is severely wounded.
The zap hits Jessica.
Jessica is severely wounded.
Jessica barely misses you.
Casting: Shock
Confirm with . or Enter, or press ? or * to list all spells.
Aiming: Shock
Press: ? - help, Shift-Dir - straight line The zap hits Jessica.
Jessica appears unharmed.
Jessica is severely wounded.
The zap misses Jessica.
Jessica gestures wildly while chanting.
Jessica blinks!
Jessica casts a spell at you. Pain shoots through your body!
Ouch! That really hurt!
Jessica gestures at you while chanting. Pain shoots through your body!
Ouch! That really hurt!
You die...

#........#####
#.######......
#.#####.#.###.
#####.#....###..#.
##..>....###.#.#...
....###.### ##.####.
###.# #.#####...###.
#.# #.#...........
####@###.#.###...####
#@.........# ##......
_..[...######.###
####### ....#.. #.#
.@. #.. #.# . #.# #.#
#. #.# .. #.# ## ..#


You could see Jessica.

Vanquished Creatures
  A dart slug (D:1)
  3 bats (D:1)
  3 giant cockroaches
  4 hobgoblins
  5 jackals
  5 kobolds
  A ball python (D:1)
  3 goblins (D:1)
  2 rats (D:1)
27 creatures vanquished.

Notes
Turn   | Place    | Note
--------------------------------------------------------------
     0 | D:1      | Joat the Vine Stalker Air Elementalist began the quest for the Orb.
     0 | D:1      | Reached XP level 1. HP: 9/9 MP: 4/4
     4 | D:1      | Noticed a minotaur skeleton
     8 | D:1      | Noticed a minotaur skeleton
   186 | D:1      | Reached XP level 2. HP: 12/13 MP: 4/6
   190 | D:1      | Learned a level 2 spell: Repel Missiles
   639 | D:1      | Reached XP level 3. HP: 15/16 MP: 3/7
   948 | D:2      | Found an iron altar of Okawaru.
  1159 | D:2      | Found a shadowy altar of Dithmenos.
  1159 | D:2      | Noticed Jessica
  1173 | D:2      | Killed from afar by Jessica

Skill      XL: |  1 |
---------------+----+-----
Conjurations   | 2 |  2.8
Dodging        | |  1.5
Stealth        | |  2.4
Spellcasting   | |  2.5
Air Magic      | |  3.0

Action                   || total
-------------------------++-------
Melee: Unarmed           ||    11
       Bite              ||     3
       Short sword       ||     3
 Cast: Shock             ||    44
       Repel Missiles    ||     1
 Stab: Sleeping          ||     1
  Eat: Chunk             ||     1
Armor: Robe              ||     7
Dodge: Dodged            ||    27
       Deflected         ||     1
